 Dungeon Crawl Stone Soup version 0.27.0-1-g7a089689b8 (webtiles) character file.

Game seed: 17820162695991407018

2 Strat the Grasshopper (level 1, -1/16 HPs)
             Began as a Formicid Warper on Aug 3, 2021.
             Slain by an adder (2 damage)
             ... on level 2 of the Dungeon.
             The game lasted 00:00:37 (326 turns).

Strat the Grasshopper (Formicid Warper)              Turns: 326, Time: 00:00:37

Health: -1/16      AC:  3    Str: 15    XL:     1   Next: 44%
Magic:  3/3        EV: 11    Int: 12    God:
Gold:   0          SH:  0    Dex: 10    Spells: 4/4 levels left

rFire    . . .     SeeInvis +   a - +0 spear
rCold    . . .     Faith    .   (no shield)
rNeg     . . .     Spirit   .   b - +0 leather armour
rPois    .         Reflect  .   (helmet unavailable)
rElec    .         Harm     .   (no cloak)
rCorr    .         Rampage  .   (no gloves)
Will     .....                  (no boots)
Stlth    +.........             (no amulet)
HPRegen  0.05/turn              (no ring)
MPRegen  0.08/turn              (no ring)

@: lethally poisoned (-1 -> -8)
A: permanent stasis, dig shafts and tunnels, antennae 3, four strong arms
a: Dig, Shaft Self


You were on level 2 of the Dungeon.
You visited 1 branch of the dungeon, and saw 2 of its levels.

Inventory:

Hand Weapons
 a - a +0 spear (weapon)
Missiles
 c - 5 boomerangs of dispersal (quivered)
 f - 38 stones
Armour
 b - a +0 leather armour (worn)
Scrolls
 d - a scroll of brand weapon {unknown}
 e - a scroll of identify {unknown}


   Skills:
 - Level 2.1 Fighting
 + Level 2.2 Polearms
 - Level 1.0 Throwing
 - Level 1.1 Armour
 - Level 1.7 Dodging
 - Level 2.1 Spellcasting
 - Level 2.6 Translocations


You had 4 spell levels left.
You didn't know any spells.
Your spell library contained the following spells:

 Spells                   Type           Power      Damage    Failure   Level
 Gell's Gravitas          Tloc           3%         N/A       32%         3
 Lesser Beckoning         Tloc           3%         N/A       32%         3
 Teleport Other           Tloc           7%         N/A       32%         3
 Manifold Assault         Tloc           7%         N/A       97%         5
 Blink                    Tloc           Unusable   N/A       N/A         2

Dungeon Overview and Level Annotations

Branches:
Dungeon (1/15)

Altars:


Innate Abilities, Weirdness & Mutations

You cannot be hasted, slowed, berserked, paralysed or teleported.
You can dig through walls and to a lower floor.
You have a pair of large antennae on your head. (SInv)
Your four strong arms can wield two-handed weapons with a shield.


Message History

You reach to attack!
You hit the bat.
You kill the bat!
No target in view!
The adder hisses angrily.
An adder is nearby!
You closely miss the adder. The adder misses you.
You hit the adder.
The adder is lightly wounded.
The adder bites you but does no damage. The adder bites you.
You hit the adder.
The adder is moderately wounded.
The adder bites you.
You closely miss the adder.
The adder is moderately wounded.
The adder bites you.
* * * LOW HITPOINT WARNING * * *
You are poisoned.
The adder poisons you!
You are too injured to fight recklessly!
Unknown command.
You miss the adder.
The adder is moderately wounded.
* * * LOW HITPOINT WARNING * * *
You feel sick. The adder barely misses you.
You hit the adder.
The adder is severely wounded.
You feel sick. The adder bites you.
* * * LOW HITPOINT WARNING * * *
You are lethally poisoned!
The adder poisons you! The adder misses you.
You hit the adder but do no damage.
The adder is severely wounded.
* * * LOW HITPOINT WARNING * * *
You feel very sick. The adder bites you but does no damage.
You miss the adder.
The adder is severely wounded.
* * * LOW HITPOINT WARNING * * *
You feel sick. The adder bites you.
You die...

######### ####
#.# #).####.#
#.......#
#.##.######
##.##.#
...##.# ..##.#
..##.#
####.##@#
####....##S#
###.......##.#
#............#
..........#..#
.####.###.##.#
.. #.#..# #.S{
#.#### #.{ #.#


You could see an adder.

Vanquished Creatures
  A hobgoblin (D:2)
  A bat (D:2)
  A rat (D:2)
3 creatures vanquished.

Notes
Turn   | Place    | Note
-------+----------+-------------------------------------------
     0 | D:1      | Strat the Formicid Warper began the quest for the Orb.
     0 | D:1      | Reached XP level 1. HP: 16/16 MP: 3/3
   154 | D:1      | You fall into a shaft and drop 1 floor!
   326 | D:2      | Slain by an adder

Illustrated notes

Levels and vault maps discovered:
D:1:      dpeg_cavernosity, layout_loops_ring,
          shapermc_ecumenical_altar_starsandcircs
D:2:      minmay_recursive_quarters, layout_loops_ring, nrook_loot_triangle,
          minmay_tetromino_t4

Action                   || total
-------------------------++-------
Melee: Spear             ||    23
Armor: Leather armour    ||    11
Dodge: Dodged            ||    13
